 Dungeon Crawl Stone Soup version 0.20.1-1-g8b1a95d (webtiles) character file.

178996 equalderp2856 the Severer (level 17, -1/131 HPs)
             Began as a Mummy Fighter on Oct 23, 2017.
             Slain by an alligator snapping turtle (21 damage)
             ... on level 3 of the Shoals on Oct 24, 2017.
             The game lasted 03:24:10 (68860 turns).

equalderp2856 the Severer (Mummy Fighter)          Turns: 68860, Time: 03:24:11

Health: -1/131     AC: 28    Str: 23    XL:     17   Next: 59%
Magic:  31/31      EV:  7    Int: 10    God:
Gold:   1462       SH: 12    Dex: 16    Spells: 14/37 levels left

rFire    + . .     SeeInvis +   R - +8 mithril axe "Arga" {speed, MR+}
rCold    + . .     Gourm    .   c - +0 shield
rNeg     + + +     Faith    .   F - +0 plate armour {MR+}
rPois    ∞         Spirit   .   S - +2 hat {SInv}
rElec    .         Reflect  .   s - +0 cloak
rCorr    .         Harm     .   L - +2 pair of gloves
MR       ++++.                  K - +2 pair of boots
Stlth    ..........             (no amulet)
Regen    0.4/turn               m - +3 ring of protection
MPRegen  0.3/turn               U - ring of the Mutiny {rF++ Str+3 Int-2 Dex+3}

@: no status effects
A: no food or potions, fire vulnerability, cold resistance 1, negative energy
resistance 3, torment resistance, unbreathing, in touch with death 1
a: no special abilities


You were on level 3 of the Shoals.
You were not hungry.

You visited 5 branches of the dungeon, and saw 27 of its levels.
You also visited: Labyrinth, Trove, Ossuary and Volcano.

You collected 2062 gold pieces.
You spent 600 gold pieces at shops.

Inventory:

Hand Weapons
 H - a +0 vampiric war axe
 N - a +1 trident of pain
 R - the +8 mithril axe "Arga" (weapon) {speed, MR+}
   (You found it in a treasure trove)

   Attacks with this weapon are significantly faster.
   It affects your resistance to hostile enchantments.
Armour
 c - a +0 shield (worn)
 s - a +0 cloak (worn)
 D - the +0 helmet of Grace {Int+5}
   (You found it in a labyrinth)

   It affects your intelligence (+5).
 F - a +0 plate armour of magic resistance (worn)
 K - a +2 pair of boots (worn)
 L - a +2 pair of gloves (worn)
 S - a +2 hat of see invisible (worn)
Jewellery
 a - a +3 ring of strength
 g - a +2 ring of evasion
 h - an uncursed ring of stealth
 k - an uncursed ring of protection from magic
 m - a +3 ring of protection (left hand)
 q - an uncursed ring of protection from cold
 u - the ring of the Real Monster {rPois rN+ Dex+2}
   (You found it on level 4 of the Lair of Beasts)

   [ring of poison resistance]

   It affects your dexterity (+2).
   It protects you from poison.
   It protects you from negative energy.
 B - a +3 ring of intelligence
 T - the ring "Wenam" {*Drain +Inv Int+9 Dex+2 SInv}
   (You found it in a treasure trove)

   [ring of see invisible]

   It affects your intelligence (+9).
   It affects your dexterity (+2).
   It lets you see invisible.
   It lets you turn invisible.
   It causes draining when unequipped.
 U - the ring of the Mutiny (right hand) {rF++ Str+3 Int-2 Dex+3}
   (You found it in a treasure trove)

   [ring of strength]

   It affects your strength (+3).
   It affects your intelligence (-2).
   It affects your dexterity (+3).
   It greatly protects you from fire.
 W - an uncursed ring of protection from magic
 X - an uncursed ring of resist corrosion
 Y - an uncursed ring of stealth
 Z - the ring "Umurenos" {rElec Int+3}
   (You found it in a treasure trove)

   [ring of intelligence]

   It affects your intelligence (+3).
   It insulates you from electricity.
Wands
 b - a wand of clouds (6/9)
 d - a wand of enslavement (16/24)
 e - a wand of flame (21/48)
 i - a wand of flame (31/48)
 l - a wand of polymorph (7/24)
 n - a wand of polymorph (11/24)
 o - a wand of polymorph (14/24)
 p - a wand of polymorph (9/24)
 r - a wand of digging (16/24)
 A - a wand of random effects (27/48)
 Q - a wand of digging (5/24)
Scrolls
 f - 14 scrolls of remove curse
 j - 3 scrolls of recharging
 v - 2 scrolls of fog
 w - 4 scrolls of teleportation
 x - 2 scrolls of silence
 y - 3 scrolls of amnesia
 z - a scroll of magic mapping
 C - 7 scrolls of identify
 P - a scroll of fear
Miscellaneous
 O - a lamp of fire


   Skills:
 + Level 11.4 Fighting
 + Level 17.4 Axes
 + Level 2.6(12.0) Polearms
 + Level 10.2 Armour
 + Level 2.4 Dodging
 + Level 1.8 Stealth
 + Level 9.0 Shields
 + Level 10.6 Spellcasting
 * Level 4.0 Charms
 * Level 7.8 Necromancy
 * Level 6.7 Translocations
 + Level 1.7 Evocations


You had 14 spell levels left.
You knew the following spells:

 Your Spells              Type           Power        Failure   Level  Hunger
a - Animate Skeleton      Necr           N/A          13%         1    N/A
b - Apportation           Tloc           ###...       21%         1    N/A
c - Confusing Touch       Hex            #.....       98%         1    N/A
d - Summon Small Mammal   Summ           #...         98%         1    N/A
e - Magic Dart            Conj           #...         98%         1    N/A
f - Blink                 Tloc           N/A          30%         2    N/A
g - Infusion              Chrm           ##..         54%         1    N/A
h - Shroud of Golubria    Chrm/Tloc      ###.......   50%         2    N/A
i - Song of Slaying       Chrm           ##......     67%         2    N/A
j - Spectral Weapon       Hex/Chrm       #.......     99%         3    N/A
k - Passwall              Tmut/Erth      #.........   99%         2    N/A
l - Swiftness             Chrm/Air       #.......     91%         2    N/A
m - Passage of Golubria   Tloc           N/A          90%         4    N/A

Dungeon Overview and Level Annotations

Branches:
Dungeon (15/15)            Temple (0/1) D:4            Lair (6/6) D:9
 Shoals (4/4) Lair:4       Spider (1/4) Lair:2        Slime (0/5) Lair:6
    Orc (1/2) D:12         Vaults (0/5) D:13         Depths (0/5) D:15

Altars:
Fedhas
Gozag
Kikubaaqudgha
Nemelex Xobeh
Okawaru
Qazlal
Sif Muna
Yredelemnul
Zin
The Shining One
Jiyva

Shops:
D:5 [   D:6 }!   D:11 (   D:12 %   Orc:1 :   Shoals:3 *   Shoals:4 (

Annotations:
D:6 2 runed doors
D:14 Rupert
Lair:6 1 runed door
Shoals:2 Bai Suzhen
Shoals:4 Ilsuiw


Innate Abilities, Weirdness & Mutations

You do not eat or drink.
Your flesh is vulnerable to fire.
You are immune to poison.
Your flesh is cold resistant. (rC+)
You are immune to negative energy. (rN+++)
You are immune to unholy pain and torment.
You can survive without breathing.
You are in touch with the powers of death.


Message History

The alligator snapping turtle hisses angrily.
The alligator snapping turtle barely misses you.
You block the alligator snapping turtle's attack.
The alligator snapping turtle bites you from afar!!
The alligator snapping turtle bites you from afar!
There is a stone staircase leading up here.
You see here 3 javelins.
You climb upwards.
Level annotation: Bai Suzhen
There is a stone staircase leading down here.
You see here a stone.
You climb downwards.
The alligator snapping turtle bites you from afar!
There is a stone staircase leading up here.
You see here 3 javelins.
The alligator snapping turtle bites you!
The alligator snapping turtle bites you!!
* * * LOW HITPOINT WARNING * * *
The alligator snapping turtle bites you from afar!!
You die...

.≈≈≈≈≈≈≈≈≈≈≈≈≈.≈≈...)(<##.....≈(.
#≈≈≈≈≈≈≈≈≈≈≈≈≈≈.≈≈≈≈≈≈((((.(.....
#.≈≈≈≈≈≈≈≈≈≈≈≈≈.≈.....≈≈.......≈.
#.≈≈≈≈≈≈≈≈≈≈≈............(.....≈≈
..≈≈≈≈...≈≈....#.....(≈..##....≈≈
≈≈≈≈≈≈.##≈≈...###.!..≈≈≈≈.#..≈...
≈≈≈≈≈≈.##≈≈≈≈.###..(.≈≈≈≈≈≈≈≈≈..#
)≈≈≈≈≈≈≈≈≈≈≈).....≈≈≈≈≈≈≈≈≈≈≈≈.##
#.≈≈≈≈≈≈≈≈≈≈(>t.@..≈≈≈.≈≈≈≈≈≈≈.#
##.≈≈≈≈≈≈≈≈≈((......≈≈.....≈.≈.##
#.≈≈≈≈≈≈≈≈≈≈≈<..........#......#
##.≈≈≈≈≈≈≈≈≈..(.##.....###.P≈...
#≈≈≈≈≈≈≈≈....####..≈...##.≈≈P≈≈
#≈≈≈≈≈≈≈≈≈...####..≈P≈...≈P≈≈≈P
##.≈≈≈≈≈≈≈≈≈≈........≈≈≈PPPPP≈≈≈
##.≈≈≈≈≈≈≈≈≈≈....).P≈≈≈≈≈≈P≈P≈≈≈≈
...≈≈≈≈≈≈≈≈≈.....≈≈≈≈≈≈P≈≈PP≈≈≈P≈


You could see an alligator snapping turtle.

Vanquished Creatures
  A kraken (Shoals:2)
  Kirke (D:13)
  A ghost moth (Lair:2)
  An entropy weaver (Lair:2)
  3 merfolk javelineers
  A minotaur (Lab)
  4 merfolk impalers
  An ogre mage (D:14)
  Harold (Lair:1)
  11 hydras
  4 vault guards
  A catoblepas (D:14)
  5 merfolk aquamancers
  2 merfolk avatars
  4 centaur warriors
  9 two-headed ogres
  A tengu warrior (D:14)
  5 satyrs
  12 death yaks
  A queen ant (Lair:3)
  4 unseen horrors
  An unseen horror (shapeshifter) (D:15)
  5 sea snakes
  2 orc knights
  2 lindwurms
  Pikel (D:7)
  28 fauns
  5 ugly things (D:15)
  11 wolf spiders
  5 cyclopes
  2 orc sorcerers (Orc:1)
  2 deep elf magi
  10 harpies
  2 orb spiders (Spider:1)
  7 manticores
  An oklob plant (Lair:4)
  26 elephants
  17 merfolk sirens
  2 centaur zombies (D:14)
  5 black mambas
  An eye of devastation (D:13)
  11 water nymphs
  A torpor snail (Lair:2)
  14 spiny frogs
  An efreet (Volcano)
  A yaktaur (D:15)
  2 demonic crawlers (Spider:1)
  3 rime drakes
  14 komodo dragons
  2 minotaur zombies (Lab)
  38 merfolk
  10 trolls
  9 polar bears (Lair:6)
  5 jumping spiders
  5 raiju (Lair:6)
  3 hornets
  5 wind drakes
  A slime creature (D:13)
  26 blink frogs
  7 dream sheep (Shoals:2)
  17 hippogriffs
  8 snapping turtles
  2 shadows
  21 redbacks
  35 yaks
  10 tarantellas
  18 water elementals
  A wraith (D:15)
  4 fire bats (Volcano)
  2 wyverns
  4 basilisks
  A steam dragon (Lair:5)
  12 hungry ghosts
  A human (Lair:1)
  Grum (D:8)
  4 vampire mosquitoes (D:15)
  Menkaure (D:5)
  6 wargs
  An acid dragon (D:12)
  17 soldier ants
  13 water moccasins
  12 hell hounds (Lair:6)
  9 porcupines
  A swamp drake (Volcano)
  5 sky beasts
  A slave (D:7)
  10 ogres
  5 ice beasts
  11 orc warriors
  11 black bears (Lair:6)
  A necrophage (D:9)
  An eye of draining (D:13)
  An eye of draining (shapeshifter) (D:15)
  6 phantoms
  31 wolves
  20 crocodiles
  11 centaurs
  3 big kobolds
  25 bullfrogs
  An earth elemental (Lab)
  3 scorpions
  2 troll zombies (D:12)
  26 killer bees
  An electric eel (Lair:1)
  5 wights (D:8)
  7 howler monkeys
  7 crimson imps
  5 lava snakes (Volcano)
  2 quasits
  9 hounds
  5 jellies
  Crazy Yiuf (D:2)
  5 orc priests
  4 bullfrog skeletons
  9 centaur skeletons
  16 orc wizards
  A human skeleton (D:9)
  12 iguanas
  50 worker ants
  4 ogre zombies (D:12)
  2 hound zombies
  3 hound skeletons
  A mummy (Ossuary)
  3 worker ant zombies
  Robin (D:1)
  6 gnolls
  13 adders
  4 shadow imps
  An ooze (D:2)
  An adder skeleton (D:5)
  8 worms
  4 leopard geckos
  68 orcs
  5 giant cockroaches
  22 goblins
  5 hobgoblins
  12 jackals
  3 quokkas
  2 ball pythons
  A ball python skeleton (D:5)
  7 bats
  7 frilled lizards
  3 gnoll skeletons (Ossuary)
  2 goblin skeletons (D:12)
  3 goblin zombies
  A hobgoblin skeleton (D:12)
  3 hobgoblin zombies (D:12)
  18 kobolds
  6 kobold skeletons (Ossuary)
  A leopard gecko skeleton (D:6)
  20 orc skeletons
  7 orc zombies (D:12)
  A quokka skeleton (D:7)
  A quokka zombie (D:8)
  9 rats
  A fungus (Lair:2)
  50 plants
  4 tentacles (Shoals:2)
1193 creatures vanquished.

Vanquished Creatures (others)
  A gargoyle (Volcano)
  A tarantella (Spider:1)
  3 humans (D:13)
  3 slaves (D:7)
  A sky beast (D:7)
  A hound (D:7)
  An orc wizard (D:7)
  An iguana (D:7)
  An adder (D:7)
  An orc (D:7)
  A bush (Lair:6)
  25 fungi
  36 plants
  14 tentacles (Shoals:2)
90 creatures vanquished.

Grand Total: 1283 creatures vanquished

Notes
Turn   | Place    | Note
-------+----------+-------------------------------------------
     0 | D:1      | equalderp2856 the Mummy Fighter began the quest for the Orb.
     0 | D:1      | Reached XP level 1. HP: 18/18 MP: 1/1
   639 | D:2      | Reached XP level 2. HP: 24/24 MP: 2/2
   900 | D:2      | Found a sparkling altar of Nemelex Xobeh.
  1173 | D:2      | Noticed Robin
  1191 | D:2      | Reached XP level 3. HP: 23/29 MP: 3/3
  1299 | D:1      | Killed Robin
  1511 | D:2      | Reached skill level 1 in Dodging
  1752 | D:2      | Found a sparkling altar of Nemelex Xobeh.
  1760 | D:2      | Reached XP level 4. HP: 35/35 MP: 4/4
  1784 | D:2      | Reached skill level 2 in Axes
  1843 | D:2      | Found a runed door.
  1961 | D:2      | Noticed Crazy Yiuf
  2584 | D:3      | Reached XP level 5. HP: 41/41 MP: 5/5
  2677 | D:3      | Found an ancient bone altar of Kikubaaqudgha.
  2773 | D:3      | Found a glowing golden altar of the Shining One.
  3041 | D:3      | Found a blossoming altar of Fedhas.
  3476 | D:4      | Reached skill level 3 in Axes
  3487 | D:4      | Reached XP level 6. HP: 44/48 MP: 6/6
  3983 | D:2      | Killed Crazy Yiuf
  4332 | D:4      | Noticed an orc warrior
  4353 | D:4      | Killed an orc warrior
  4353 | D:4      | Reached skill level 4 in Axes
  4523 | D:4      | Found a staircase to the Ecumenical Temple.
  4580 | D:4      | Reached XP level 7. HP: 52/53 MP: 7/7
  4726 | D:5      | Entered Level 5 of the Dungeon
  4864 | D:5      | Found a sand-covered staircase.
  4873 | Ossuary  | Entered an ossuary
  4873 | Ossuary  | Noticed a wraith
  4873 | Ossuary  | Noticed a wraith
  4873 | Ossuary  | Noticed a wraith
  4888 | Ossuary  | Reached skill level 5 in Axes
  5028 | Ossuary  | Noticed a wraith
  5401 | D:5      | Noticed Menkaure
  5456 | D:5      | Killed Menkaure
  5607 | D:5      | Reached skill level 6 in Axes
  5607 | D:5      | Reached XP level 8. HP: 50/60 MP: 8/8
  6022 | D:4      | Reached skill level 7 in Axes
  6433 | D:5      | Found Ehuhaly's Antique Armour Boutique.
  6794 | D:6      | Found Jotwyet's Distillery.
  6819 | D:6      | Found a runed door.
  6837 | D:6      | Found a runed door.
  6941 | D:6      | Found Hehoicor's Quality Used Wands.
  7001 | D:6      | Reached XP level 9. HP: 66/66 MP: 9/9
  7129 | D:6      | Found a stormy altar of Qazlal.
  7392 | D:7      | Learned a level 1 spell: Animate Skeleton
  7394 | D:7      | Learned a level 1 spell: Apportation
  7396 | D:7      | Learned a level 1 spell: Confusing Touch
  7398 | D:7      | Learned a level 1 spell: Summon Small Mammal
  7440 | D:7      | Reached skill level 8 in Axes
  7440 | D:7      | Reached skill level 1 in Spellcasting
  7490 | D:7      | Noticed Pikel
  7503 | D:7      | Killed Pikel
  7528 | D:7      | Found a glowing silver altar of Zin.
  7720 | D:7      | Reached skill level 5 in Fighting
  8166 | D:6      | Reached skill level 9 in Axes
  8822 | D:8      | Noticed Grum
  9056 | D:8      | Reached XP level 10. HP: 46/74 MP: 14/14
  9356 | D:8      | Killed Grum
  9461 | D:8      | Found an iron altar of Okawaru.
  9768 | D:9      | Reached skill level 5 in Armour
 10556 | D:9      | Reached skill level 5 in Shields
 10613 | D:8      | Reached skill level 10 in Axes
 10827 | D:9      | Found a runed door.
 10849 | D:9      | Found a basalt altar of Yredelemnul.
 10908 | D:9      | Found a staircase to the Lair.
 11034 | D:9      | Noticed a two-headed ogre
 12059 | D:10     | Entered Level 10 of the Dungeon
 12765 | D:10     | Learned a level 1 spell: Magic Dart
 12768 | D:10     | Learned a level 2 spell: Blink
 12993 | Lair:1   | Entered Level 1 of the Lair of Beasts
 13031 | Lair:1   | Noticed Harold
 13035 | Lair:1   | Noticed a spiny frog
 13635 | D:11     | Reached skill level 5 in Spellcasting
 14791 | D:11     | Killed an unseen horror
 14791 | D:11     | Reached XP level 11. HP: 65/81 MP: 18/18
 15025 | D:11     | Found Aleps's Antique Weapon Shoppe.
 15217 | D:11     | Reached skill level 11 in Axes
 15515 | D:12     | Found a portal to a secret trove of treasure.
 15767 | Trove    | Entered a treasure trove
 15865 | Trove    | Got a shimmering bronze ring
 15875 | Trove    | Got a twitching ivory ring
 15909 | Trove    | Got a heavily runed hat
 15953 | Trove    | Got a slimy amber ring
 16012 | Trove    | Got a pair of ichor-stained boots
 16119 | Trove    | Got a translucent ring mail
 16331 | Trove    | Identified the +0 pair of boots "Homuczearph" {MP-9 Int+5} (You found it in a treasure trove)
 16332 | Trove    | Identified the -2 hat of the Barnacle {*Slow rC+ MR- Str+5} (You found it in a treasure trove)
 16474 | Trove    | Identified the ring "Wenam" {*Drain +Inv Int+9 Dex+2 SInv} (You found it in a treasure trove)
 16475 | Trove    | Identified the ring of the Mutiny {rF++ Str+3 Int-2 Dex+3} (You found it in a treasure trove)
 16476 | Trove    | Identified the ring "Umurenos" {rElec Int+3} (You found it in a treasure trove)
 16578 | D:12     | Noticed a deep elf mage
 16588 | D:12     | Killed a deep elf mage
 17301 | D:12     | Found a staircase to the Orcish Mines.
 17491 | D:12     | Found Koygiat's Food Boutique.
 17743 | D:13     | Found a deep blue altar of Sif Muna.
 17743 | D:13     | Noticed Rupert
 18398 | D:13     | Noticed a four-headed hydra
 18665 | D:11     | Killed a four-headed hydra
 18665 | D:11     | Reached skill level 12 in Axes
 18945 | D:14     | Noticed a two-headed ogre
 18946 | D:14     | Noticed a two-headed ogre
 18972 | D:14     | Noticed a centaur warrior
 18985 | D:14     | Found a labyrinth entrance.
 18994 | Lab      | Entered a labyrinth
 19372 | Lab      | Found an exit through the horrors of the Abyss.
 19545 | Lab      | Found an exit through the horrors of the Abyss.
 19748 | Lab      | Identified the cursed +1 ring mail "Gasm" {rF++ rC+} (You found it in a treasure trove)
 20274 | Lab      | Noticed a minotaur
 20287 | Lab      | Killed a minotaur
 20287 | Lab      | Reached XP level 12. HP: 17/89 MP: 22/22
 20693 | Lab      | Got a warped helmet
 20696 | Lab      | Identified the +0 helmet of Grace {Int+5} (You found it in a labyrinth)
 21866 | D:13     | Noticed a five-headed hydra
 21868 | D:13     | Noticed a vault guard
 21869 | D:13     | Noticed a vault guard
 21870 | D:13     | Noticed a vault guard
 21871 | D:13     | Noticed a two-headed ogre
 21872 | D:13     | Noticed a vault guard
 21923 | D:13     | Noticed Kirke
 22300 | Lair:1   | Killed Harold
 22648 | Lair:1   | Noticed a seven-headed hydra
 23035 | D:8      | Killed a two-headed ogre
 23201 | Lair:1   | Reached skill level 1 in Stealth
 23456 | Lair:1   | Noticed Sonja
 23469 | Lair:1   | Noticed Sonja
 23469 | Lair:1   | Sonja changed into Sonja the human
 23483 | Lair:1   | Killed Sonja the human
 24826 | Lair:1   | Reached skill level 13 in Axes
 25702 | Lair:2   | Found a hole to the Spider Nest.
 26321 | Lair:3   | Gained mutation: You are in touch with the powers of death. [Mummy growth]
 26321 | Lair:3   | Reached XP level 13. HP: 75/98 MP: 25/25
 26448 | Lair:3   | Got a bloodstained buckler
 26462 | Lair:3   | Found a dark tunnel.
 26563 | Volcano  | Entered a volcano
 29090 | Volcano  | Found a radiant altar of Vehumet.
 29090 | Volcano  | Noticed a stone giant
 29939 | Lair:3   | Reached skill level 14 in Axes
 30574 | D:9      | Reached skill level 1 in Polearms
 32470 | Lair:4   | Got a glittering lead ring
 32476 | Lair:4   | Identified the ring of the Real Monster {rPois rN+ Dex+2} (You found it on level 4 of the Lair of Beasts)
 33595 | Lair:5   | Reached XP level 14. HP: 106/106 MP: 27/27
 33843 | Lair:6   | Entered Level 6 of the Lair of Beasts
 34179 | Lair:5   | Reached skill level 1 in Necromancy
 34448 | Lair:4   | Reached skill level 1 in Translocations
 35466 | Lair:4   | Reached skill level 10 in Spellcasting
 35801 | Lair:4   | Found a staircase to the Shoals.
 36238 | Lair:5   | Reached skill level 15 in Axes
 36671 | Lair:6   | Found a runed door.
 36671 | Lair:6   | Found a viscous altar of Jiyva.
 36671 | Lair:6   | Noticed an azure jelly
 36672 | Lair:6   | Found a staircase to the Slime Pits.
 36672 | Lair:6   | Noticed an azure jelly
 39564 | Spider:1 | Entered Level 1 of the Spider Nest
 39699 | Lair:2   | Reached XP level 15. HP: 57/114 MP: 29/29
 41535 | D:13     | Killed Kirke
 42465 | D:13     | Found a gate to the Vaults.
 42921 | D:14     | Found an opulent altar of Gozag.
 43112 | D:14     | Reached skill level 1 in Evocations
 43132 | D:14     | Reached skill level 16 in Axes
 44196 | D:14     | Reached skill level 5 in Necromancy
 44548 | D:15     | Entered Level 15 of the Dungeon
 44616 | D:15     | Reached skill level 10 in Fighting
 46576 | D:15     | Found a staircase to the Depths.
 46576 | D:15     | Noticed a frost giant
 47997 | Orc:1    | Entered Level 1 of the Orcish Mines
 48095 | Orc:1    | Found Ydirhah's Book Shop.
 48175 | Orc:1    | Reached XP level 16. HP: 118/122 MP: 30/30
 48669 | Orc:1    | Bought a book of Battle for 600 gold pieces
 48673 | Orc:1    | Identified the +2 buckler of Leaves {-Tele rPois rN+ rCorr} (You found it on level 3 of the Lair of Beasts)
 50606 | Lair:2   | Reached skill level 5 in Translocations
 53429 | Shoals:1 | Entered Level 1 of the Shoals
 54001 | Lair:1   | Learned a level 1 spell: Infusion
 54004 | Lair:1   | Learned a level 2 spell: Shroud of Golubria
 54007 | Lair:1   | Learned a level 2 spell: Song of Slaying
 54011 | Lair:1   | Learned a level 3 spell: Spectral Weapon
 54014 | Lair:1   | Learned a level 2 spell: Passwall
 54017 | Lair:1   | Learned a level 2 spell: Swiftness
 54022 | Lair:1   | Learned a level 4 spell: Passage of Golubria
 55700 | Shoals:2 | Reached skill level 1 in Charms
 57285 | Shoals:2 | Reached skill level 17 in Axes
 58423 | Shoals:2 | Noticed a kraken
 59060 | Shoals:2 | Killed a kraken
 61232 | Shoals:1 | Reached XP level 17. HP: 114/131 MP: 31/31
 62377 | Shoals:3 | Found Pohoykue's General Store.
 62755 | Shoals:2 | Reached skill level 10 in Armour
 65089 | Shoals:3 | Noticed Bai Suzhen
 65792 | Shoals:4 | Entered Level 4 of the Shoals
 68285 | Shoals:4 | Found Othal's Weapon Shop.
 68392 | Shoals:4 | Noticed Ilsuiw
 68860 | Shoals:3 | Slain by an alligator snapping turtle

Skill      XL: |  1  2  3  4  5  6  7  8  9 10 11 12 13 14 15 16 17 |
---------------+----------------------------------------------------+-----
Dodging        | 1 2 |  2.4
Armour         | 3 4 5 6 7 8 9 10 | 10.2
Axes           | 2 3 4 6 7 9 10 12 13 14 15 16 17 | 17.4
Shields        | 3 4 5 6 7 8 9 |  9.0
Fighting       | 4 5 6 7 8 9 10 11 | 11.4
Spellcasting   | 3 5 7 8 9 10 | 10.6
Stealth        | 1 |  1.8
Polearms       | 2 |  2.6
Necromancy     | 3 5 6 7 |  7.8
Translocations | 3 4 5 6 |  6.7
Evocations     | 1 |  1.7
Charms         | 2 4 |  4.0

Action                   |  1- 3 |  4- 6 |  7- 9 | 10-12 | 13-15 | 16-18 || total
-------------------------+-------+-------+-------+-------+-------+-------++-------
Melee: War axe           |   172 |   218 |   523 |   619 |       |       ||  1532
       Broad axe         |       |       |       |   595 |  1573 |  1518 ||  3686
       Trident           |       |       |       |    19 |   145 |       ||   164
 Cast: Apportation       |       |       |       |       |       |     6 ||     6
       Infusion          |       |       |       |       |       |     5 ||     5
       Blink             |       |       |       |       |       |     2 ||     2
       Animate Skeleton  |       |       |       |       |       |     1 ||     1
       Song of Slaying   |       |       |       |       |       |     1 ||     1
Evoke: Wand              |       |       |       |    28 |    28 |     8 ||    64
       Lamp of fire      |       |       |       |     1 |     3 |     1 ||     5
  Use: Scroll            |       |     1 |    10 |    18 |     6 |     9 ||    44
 Stab: Confused          |       |       |       |       |     6 |       ||     6
Armor: Scale mail        |    97 |    34 |       |       |       |       ||   131
       Plate armour      |       |   100 |   373 |   918 |   953 |   746 ||  3090
       Ring mail         |       |       |       |     5 |       |       ||     5
Dodge: Dodged            |    73 |    34 |    95 |   226 |   354 |   326 ||  1108
Block: Shield            |    96 |   130 |   279 |   667 |   914 |   708 ||  2794
